[Event "EYCC Girls-U12 2019"]
[Site "Bratislava"]
[Date "2019.08.01"]
[Round "1.1"]
[White "Kasperek, Ryszard"]
[Black "Sloniec, Natalia"]
[Result "1-0"]
[ECO "C00"]
[WhiteElo "2174"]
[BlackElo "1090"]
[Annotator "ChessBase"]
[PlyCount "34"]
[EventDate "2019.08.02"]
[EventType "swiss"]
[EventCountry "SVK"]
[SourceTitle "playchess.com"]
[Source "ChessBase"]
[SourceQuality "1"]
[TimeControl "40/5400+30:1800+30"]

1. e4 e6 2. d4 d5 3. Nf3 dxe4 4. Nfd2 f5 5. f3 exf3 6. Nxf3 Nf6 7. c3 c5 8. Bc4 Nc6 9. O-O cxd4 10. Nxd4 Nxd4 11. Qxd4 Qxd4+ 12. cxd4 Bd6 13. Nc3 Ne4 14. Nxe4 fxe4 15. Bf4 Bxf4 16. Rxf4 Bd7 17. Rxe4 O-O 1-0

[Event "EYCC Girls-U12 2019"]
[Site "Bratislava"]
[Date "2019.08.02"]
[Round "1.3"]
[White "Mosurovic, Milena"]
[Black "Shvedova, Alexandra"]
[Result "0-1"]
[ECO "B53"]
[WhiteElo "1445"]
[BlackElo "1932"]
[Annotator "NA"]
[PlyCount "52"]
[EventDate "2019.08.02"]
[EventType "swiss"]
[EventCountry "SVK"]
[SourceTitle "playchess.com"]
[Source "ChessBase"]
[SourceQuality "1"]
[TimeControl "40/5400+30:1800+30"]

1. e4 c5 2. Nf3 d6 3. d4 cxd4 4. Qxd4 Nc6 5. Qe3 Nf6 6. h3 e6 7. Be2 Be7 8. O-O O-O 9. Rd1 Qc7 10. c4 Nb4 11. Qb3 d5 12. exd5 exd5 13. a3 dxc4 14. Bxc4 Nc6 15. Ng5 Ne5 16. Be2 h6 17. Nf3 Be6 18. Qe3 Nxf3+ 19. Bxf3 Bc5 20. Qe2 Rfe8 21. Qb5 Rad8 22. Nc3 Bc4 23. Qxb7 Qxb7 24. Bxb7 Rxd1+ 25. Nxd1 Re1+ 26. Kh2 Rxd1 0-1

[Event "EYCC Girls-U12 2019"]
[Site "Bratislava"]
[Date "2019.08.02"]
[Round "1.4"]
[White "Manko, Mariya"]
[Black "Shukurova, Aydan"]
[Result "1-0"]
[ECO "A06"]
[WhiteElo "1807"]
[BlackElo "1372"]
[Annotator "NA"]
[PlyCount "167"]
[EventDate "2019.08.02"]
[EventType "swiss"]
[EventCountry "SVK"]
[SourceTitle "playchess.com"]
[Source "ChessBase"]
[SourceQuality "1"]
[TimeControl "40/5400+30:1800+30"]

1. Nf3 d5 2. c4 c6 3. g3 Nf6 4. Bg2 Bf5 5. O-O e6 6. b3 h6 7. d3 Be7 8. Bb2 O-O 9. Nbd2 Nbd7 10. Rc1 Re8 11. Rc2 Rc8 12. Qa1 Bf8 13. Rfc1 Bh7 14. Nf1 dxc4 15. Rxc4 Be7 16. Ne3 Nb6 17. R4c2 Bf8 18. a3 a5 19. Nc4 Ra8 20. Nfd2 Nbd7 21. Ne5 Nxe5 22. Bxe5 Bd6 23. Bb2 Qe7 24. Nc4 Red8 25. Nxd6 Rxd6 26. Rc4 Ne8 27. h3 f6 28. f4 Nc7 29. Bd4 Rd7 30. Rd1 Rad8 31. Bc5 Qf7 32. Qc3 Ra8 33. e4 Nb5 34. Qb2 Rad8 35. a4 Nd6 36. Rd4 Nc8 37. Rxd7 Rxd7 38. Be3 Qf8 39. Qc3 Qd8 40. Qc4 Qe7 41. Bc5 Qf7 42. Qc3 b6 43. Be3 c5 44. Rc1 Nd6 45. Rf1 Ne8 46. d4 cxd4 47. Bxd4 Rc7 48. Qe3 Rc2 49. Bxb6 Qd7 50. Bxa5 Qc6 51. Rf2 Rc1+ 52. Kh2 Rd1 53. e5 Qd7 54. Rd2 Rxd2 55. Qxd2 Qxd2 56. Bxd2 fxe5 57. fxe5 Nc7 58. b4 Bc2 59. b5 Bxa4 60. b6 Na6 61. b7 Nb8 62. Be3 Kf7 63. Ba7 Nd7 64. b8=Q Nxb8 65. Bxb8 Bb3 66. g4 Kg6 67. Bf3 Ba2 68. Kg3 Bc4 69. Kf4 Bb3 70. h4 Bc4 71. Ke3 Ba2 72. Kd4 Kf7 73. Kc5 Ke7 74. Bd6+ Kf7 75. Kc6 Bc4 76. Kd7 g5 77. h5 Bb3 78. Kd8 Ba4 79. Be4 Bd1 80. Bg6+ Kg8 81. Ke8 Bxg4 82. Bf8 Bh3 83. Bxh6 Bg4 84. Bxg5 1-0

[Event "EYCC Girls-U12 2019"]
[Site "Bratislava"]
[Date "2019.08.02"]
[Round "1.5"]
[White "Salajan, Stefania"]
[Black "Karmanova, Olga Dm."]
[Result "0-1"]
[ECO "B18"]
[WhiteElo "1482"]
[BlackElo "1838"]
[Annotator "NA"]
[PlyCount "120"]
[EventDate "2019.08.02"]
[EventType "swiss"]
[EventCountry "SVK"]
[SourceTitle "playchess.com"]
[Source "ChessBase"]
[SourceQuality "1"]
[TimeControl "40/5400+30:1800+30"]

1. e4 c6 2. d4 d5 3. Nc3 dxe4 4. Nxe4 Bf5 5. Ng3 Bg6 6. Nf3 Nd7 7. Bd3 Bxd3 8. Qxd3 e6 9. O-O Ngf6 10. Re1 Be7 11. b3 O-O 12. Bb2 Nb6 13. c4 Qc7 14. Rad1 Rad8 15. Qe2 Rfe8 16. Ne4 Nxe4 17. Qxe4 Bf6 18. Ne5 a5 19. Qc2 Nc8 20. g3 Ne7 21. Ng4 Bg5 22. h4 Bf6 23. Nxf6+ gxf6 24. Qe2 h6 25. Qh5 Kg7 26. Bc1 Rh8 27. Qg4+ Ng6 28. h5 f5 29. Bf4 Qxf4 30. Qxf4 Nxf4 31. gxf4 Kf6 32. Kh2 Rhg8 33. f3 Rd7 34. Re2 Rgd8 35. Red2 b5 36. c5 b4 37. Kg2 a4 38. bxa4 Ra7 39. Rb1 Rxa4 40. Rb3 Ke7 41. Kf2 Rd7 42. Ke2 Rda7 43. Rbb2 Ra8 44. Kf2 Kf6 45. Ke2 Ke7 46. Kf2 Kd7 47. Ke2 Kc7 48. Kf2 Kb7 49. a3 Ka6 50. Rb3 Rd8 51. Rxb4 Rxb4 52. axb4 Kb5 53. Ke3 Ra8 54. Ke2 Ra3 55. Rd3 Rxd3 56. Kxd3 Kxb4 57. d5 Kxc5 58. dxc6 Kxc6 59. Kc4 f6 60. Kd4 Kb5 0-1

[Event "EYCC Girls-U12 2019"]
[Site "Bratislava"]
[Date "2019.08.02"]
[Round "1.6"]
[White "Zhapova, Yana"]
[Black "Budagova, Leyla"]
[Result "1-0"]
[ECO "B70"]
[WhiteElo "1809"]
[BlackElo "1442"]
[Annotator "NA"]
[PlyCount "107"]
[EventDate "2019.08.02"]
[EventType "swiss"]
[EventCountry "SVK"]
[SourceTitle "playchess.com"]
[Source "ChessBase"]
[SourceQuality "1"]
[TimeControl "40/5400+30:1800+30"]

1. e4 c5 2. Nf3 d6 3. d4 cxd4 4. Nxd4 Nf6 5. Nc3 g6 6. Be2 Bg7 7. O-O O-O 8. Re1 Bd7 9. Bf1 Nc6 10. Nb3 Rc8 11. Bg5 Ne5 12. Nd5 Nxd5 13. exd5 h6 14. Bh4 g5 15. Bg3 Ng6 16. c3 f5 17. Bd3 Be8 18. f3 h5 19. Bf2 g4 20. Bd4 Be5 21. fxg4 hxg4 22. Qd2 Bf4 23. Qf2 Bd7 24. Rad1 b6 25. c4 Rf7 26. Bc3 Qf8 27. Nd4 Be5 28. g3 Rd8 29. Rf1 Bxd4 30. Bxd4 Ne5 31. Be2 Rc8 32. b3 e6 33. dxe6 Bxe6 34. Qf4 Ng6 35. Qg5 Kh7 36. Qh5+ Qh6 37. Qxh6+ Kxh6 38. Be3+ Kh7 39. Rxd6 Re8 40. Bg5 Ne5 41. Bf4 Nd7 42. h3 Nc5 43. hxg4 Ne4 44. Rd4 Nc3 45. Bd3 Nxa2 46. Bd2 a5 47. gxf5 Bc8 48. f6+ Kh8 49. Bg6 Rff8 50. Bxe8 Rxe8 51. Rh4+ Kg8 52. f7+ Kf8 53. Rh8+ Kg7 54. fxe8=Q 1-0

[Event "EYCC Girls-U12 2019"]
[Site "Bratislava"]
[Date "2019.08.02"]
[Round "1.7"]
[White "Selvik, Elma"]
[Black "Vlasova, Olesia"]
[Result "0-1"]
[ECO "B39"]
[WhiteElo "1496"]
[BlackElo "1799"]
[Annotator "NA"]
[PlyCount "110"]
[EventDate "2019.08.02"]
[EventType "swiss"]
[EventCountry "SVK"]
[SourceTitle "playchess.com"]
[Source "ChessBase"]
[SourceQuality "1"]
[TimeControl "40/5400+30:1800+30"]

1. e4 c5 2. Nf3 Nc6 3. d4 cxd4 4. Nxd4 g6 5. c4 Bg7 6. Be3 Nf6 7. Nc3 Ng4 8. Qxg4 Bxd4 9. Bxd4 Nxd4 10. Qd1 e5 11. Qd2 O-O 12. Be2 d6 13. O-O Be6 14. Rad1 Rc8 15. b3 a6 16. Bd3 Qb6 17. Ne2 Bg4 18. Kh1 Bxe2 19. Bxe2 Qd8 20. Bg4 Rc7 21. Qh6 Qf6 22. Rd3 Qg7 23. Qg5 f6 24. Qd2 Ra8 25. Qb4 Qe7 26. Rg3 b5 27. Rc1 a5 28. Qd2 bxc4 29. Rgc3 a4 30. bxc4 Rc5 31. Ra3 Qb7 32. Qd1 Qxe4 33. Bf3 Nxf3 34. Qxf3 Qxf3 35. Rxf3 Kf7 36. Kg1 Rac8 37. Kf1 Rxc4 38. Rd1 Rc1 39. Rfd3 Rxd1+ 40. Rxd1 Ke6 41. Ke2 Rc2+ 42. Rd2 Rxd2+ 43. Kxd2 Kd5 44. Kc3 Kc5 45. h3 d5 46. a3 e4 47. Kc2 Kc4 48. g4 d4 49. h4 e3 50. fxe3 dxe3 51. Kd1 Kd3 52. Ke1 e2 53. h5 gxh5 54. gxh5 h6 55. Kf2 Kd2 0-1

[Event "EYCC Girls-U12 2019"]
[Site "Bratislava"]
[Date "2019.08.02"]
[Round "1.8"]
[White "Huang, Wendy"]
[Black "Levchenko, Marina"]
[Result "1/2-1/2"]
[ECO "B93"]
[WhiteElo "1784"]
[BlackElo "1429"]
[Annotator "NA"]
[PlyCount "95"]
[EventDate "2019.08.02"]
[EventType "swiss"]
[EventCountry "SVK"]
[SourceTitle "playchess.com"]
[Source "ChessBase"]
[SourceQuality "1"]
[TimeControl "40/5400+30:1800+30"]

1. e4 c5 2. Nf3 d6 3. d4 cxd4 4. Nxd4 Nf6 5. Nc3 a6 6. f4 e6 7. a4 Be7 8. Bc4 Nxe4 9. Nxe4 d5 10. Bd3 dxe4 11. Bxe4 Qc7 12. O-O O-O 13. Nb3 Bd7 14. Kh1 Bc6 15. Qe2 Bxe4 16. Qxe4 Nc6 17. Be3 a5 18. c3 Bf6 19. Rad1 Rfd8 20. Qf3 Ne7 21. Nd4 Bxd4 22. Bxd4 Nc6 23. Be3 Ne7 24. g3 Nf5 25. Bf2 b6 26. Kg1 Ne7 27. Bd4 Nc6 28. Be3 Ne7 29. Qe2 Nf5 30. Bf2 Qc6 31. Qb5 Qxb5 32. axb5 Rdb8 33. Rd7 Kf8 34. Rfd1 Ke8 35. g4 Ne7 36. c4 Nd5 37. Rd6 Ke7 38. Rc6 Nxf4 39. Bxb6 Ng6 40. c5 Ne5 41. Rc7+ Kf6 42. Rf1+ Kg5 43. Re7 Nc4 44. Rfxf7 Nxb6 45. Rxg7+ Kf4 46. cxb6 Rxb6 47. Rxh7 Kxg4 48. Rb7 1/2-1/2

[Event "EYCC Girls-U12 2019"]
[Site "Bratislava"]
[Date "2019.08.02"]
[Round "1.9"]
[White "Mikhailina, Olga"]
[Black "Zhou, Lepu Coco"]
[Result "1/2-1/2"]
[ECO "C55"]
[WhiteElo "1410"]
[BlackElo "1861"]
[Annotator "NA"]
[PlyCount "110"]
[EventDate "2019.08.02"]
[EventType "swiss"]
[EventCountry "SVK"]
[SourceTitle "playchess.com"]
[Source "ChessBase"]
[SourceQuality "1"]
[TimeControl "40/5400+30:1800+30"]

1. e4 e5 2. Nf3 Nc6 3. Bc4 Nf6 4. d3 Be7 5. c3 d6 6. Bb3 O-O 7. O-O Na5 8. Bc2 c5 9. d4 cxd4 10. cxd4 Bg4 11. dxe5 Bxf3 12. Qxf3 dxe5 13. Rd1 Qc7 14. Qc3 Qxc3 15. Nxc3 Nc6 16. Be3 Ng4 17. Nd5 Nxe3 18. Nxe3 Nd4 19. Bd3 Rac8 20. Nc4 f6 21. Ne3 Rfd8 22. Nd5 Kf8 23. Rac1 g6 24. f3 f5 25. Rc3 Bc5 26. Kh1 a5 27. Rdc1 fxe4 28. fxe4 Ne6 29. Be2 b6 30. Bg4 Rc6 31. Rf1+ Kg7 32. Rf6 Rf8 33. Rcf3 Rxf6 34. Rxf6 Bd4 35. h4 Rc1+ 36. Kh2 Nf4 37. Rd6 Nxd5 38. exd5 e4 39. Re6 Bg1+ 40. Kg3 h5 41. Be2 Rc5 42. d6 Rd5 43. Bc4 Rd2 44. Bb5 Kf7 45. Rxe4 Rxd6 46. Rf4+ Ke7 47. Rf1 Bd4 48. Re1+ Kf6 49. Rf1+ Ke5 50. b3 Kd5 51. Bc4+ Kc5 52. Rc1 Kb4 53. a4 Be5+ 54. Kh3 Bf4 55. Re1 Kc5 1/2-1/2

[Event "EYCC Girls-U12 2019"]
[Site "Bratislava"]
[Date "2019.08.02"]
[Round "1.10"]
[White "Bochnickova, Simona"]
[Black "Babajic, Ehlimana"]
[Result "1-0"]
[ECO "C01"]
[WhiteElo "1684"]
[BlackElo "1403"]
[Annotator "NA"]
[PlyCount "33"]
[EventDate "2019.08.02"]
[EventType "swiss"]
[EventCountry "SVK"]
[SourceTitle "playchess.com"]
[Source "ChessBase"]
[SourceQuality "1"]
[TimeControl "40/5400+30:1800+30"]

1. e4 e6 2. d4 d5 3. exd5 exd5 4. Bd3 Bb4+ 5. c3 Ba5 6. Nf3 h6 7. O-O Nf6 8. Re1+ Be6 9. Qa4+ c6 10. Rxe6+ fxe6 11. Bg6+ Kd7 12. Ne5+ Kc8 13. Nf7 b5 14. Qa3 Qf8 15. Qxa5 Rg8 16. Bf4 Nfd7 17. Qc7# 1-0

[Event "EYCC Girls-U12 2019"]
[Site "Bratislava"]
[Date "2019.08.02"]
[Round "1.11"]
[White "Bondar, Daria"]
[Black "Karaivanova, Petya"]
[Result "0-1"]
[ECO "C99"]
[WhiteElo "1265"]
[BlackElo "1792"]
[Annotator "NA"]
[PlyCount "144"]
[EventDate "2019.08.02"]
[EventType "swiss"]
[EventCountry "SVK"]
[SourceTitle "playchess.com"]
[Source "ChessBase"]
[SourceQuality "1"]
[TimeControl "40/5400+30:1800+30"]

1. e4 e5 2. Nf3 Nc6 3. Bb5 a6 4. Ba4 Nf6 5. O-O b5 6. Bb3 Be7 7. Re1 d6 8. c3 O-O 9. h3 Na5 10. Bc2 c5 11. d4 cxd4 12. cxd4 Qc7 13. Nbd2 Bb7 14. d5 Bc8 15. Nf1 Bd7 16. Ng3 Rac8 17. Bd3 h6 18. b3 Nb7 19. Bb2 Nc5 20. Bf1 Qb6 21. Rc1 Nh7 22. Bd3 Ng5 23. Nxg5 Bxg5 24. Rb1 Bh4 25. Qf3 f5 26. exf5 Bxg3 27. Qxg3 Nxd3 28. Qxd3 Bxf5 29. Qd2 Bxb1 30. Rxb1 Rc7 31. Bc3 Rcf7 32. Rf1 Rf4 33. g3 Rf3 34. Kg2 R3f7 35. Ba5 Qd4 36. Qxd4 exd4 37. g4 Rf4 38. Bc7 R8f6 39. f3 d3 40. Ba5 b4 41. Bd8 Rf7 42. Bb6 d2 43. Rd1 Rxf3 44. Rxd2 Rc3 45. Ba5 Rf4 46. a3 Rxb3 47. Bxb4 Rf6 48. Rd4 Rb2+ 49. Kg3 Kh7 50. Rd3 Rb1 51. Kg2 Rb2+ 52. Kg3 Rb1 53. Kg2 Rb2+ 54. Kg3 Rc2 55. Rd4 Rcf2 56. Rd3 Rf1 57. Kg2 R1f2+ 58. Kg3 Rf1 59. Kg2 R1f2+ 60. Kg3 Rc2 61. Rd4 Ra2 62. Rd3 Kg8 63. Rf3 Rg6 64. h4 Ra1 65. Kf4 Rg1 66. Kf5 Rf6+ 67. Ke4 Rxg4+ 68. Ke3 Rxf3+ 69. Kxf3 Rd4 70. Bxd6 Rxd5 71. Bb4 a5 72. Be1 Rd3+ 0-1

[Event "EYCC Girls-U12 2019"]
[Site "Bratislava"]
[Date "2019.08.02"]
[Round "1.12"]
[White "Markus, Molli Amina"]
[Black "Darmaeva, Nomina"]
[Result "1-0"]
[ECO "A22"]
[WhiteElo "1743"]
[BlackElo "1408"]
[Annotator "NA"]
[PlyCount "71"]
[EventDate "2019.08.02"]
[EventType "swiss"]
[EventCountry "SVK"]
[SourceTitle "playchess.com"]
[Source "ChessBase"]
[SourceQuality "1"]
[TimeControl "40/5400+30:1800+30"]

1. c4 e5 2. Nc3 Nf6 3. g3 d5 4. cxd5 Nxd5 5. Bg2 c6 6. d3 Be6 7. Nf3 Bd6 8. O-O h6 9. a3 Nd7 10. Rb1 O-O 11. Nxd5 cxd5 12. b4 Qe7 13. e3 b6 14. Bd2 Bf5 15. Qb3 Nf6 16. Rbc1 Rad8 17. h3 Bb8 18. Rfd1 Be6 19. Qb2 Bf5 20. Bc3 Rfe8 21. Kh2 h5 22. a4 Bd6 23. Ra1 a6 24. Nh4 Bc8 25. Nf3 Nh7 26. Nd2 Bb8 27. Nf3 f6 28. Qe2 Qf7 29. Qc2 Nf8 30. Qb2 Qe7 31. Nd2 Qf7 32. Nb3 Be6 33. Nc1 Qg6 34. Ne2 Qf7 35. Rac1 Qd7 36. a5 1-0

[Event "EYCC Girls-U12 2019"]
[Site "Bratislava"]
[Date "2019.08.02"]
[Round "1.13"]
[White "Khegai, Darya"]
[Black "Schippke, Manon"]
[Result "0-1"]
[ECO "B56"]
[WhiteElo "1402"]
[BlackElo "1743"]
[Annotator "NA"]
[PlyCount "148"]
[EventDate "2019.08.02"]
[EventType "swiss"]
[EventCountry "SVK"]
[SourceTitle "playchess.com"]
[Source "ChessBase"]
[SourceQuality "1"]
[TimeControl "40/5400+30:1800+30"]

1. e4 c5 2. Nf3 d6 3. d4 cxd4 4. Nxd4 Nf6 5. Nc3 Nc6 6. Be3 Ng4 7. Bb5 Nxe3 8. Nxc6 bxc6 9. Bxc6+ Bd7 10. Bxd7+ Qxd7 11. fxe3 e6 12. O-O Be7 13. Qf3 O-O 14. Qg4 Qb7 15. Rab1 Rac8 16. Qg3 Rc5 17. Qf2 Bf6 18. Na4 Rb5 19. Qe2 Rb4 20. b3 Qxe4 21. Rf4 Qb7 22. Rbf1 Be5 23. R4f3 Rh4 24. g3 Rh6 25. c4 Qb4 26. Nb2 Qa3 27. Nd3 Bc3 28. Qc2 Qa5 29. Nf2 Qh5 30. Ne4 Be5 31. Qf2 f5 32. Nd2 g5 33. Qg2 g4 34. R3f2 Qg5 35. Re1 Rh3 36. Ree2 Bc3 37. Nf1 Kh8 38. e4 Bd4 39. Kh1 Bxf2 40. Qxf2 Qf6 41. Ne3 Qg5 42. Ng2 Qg7 43. Nf4 fxe4 44. Qg2 Qa1+ 45. Qg1 Qxg1+ 46. Kxg1 Rh6 47. Rxe4 e5 48. Nd5 Rg6 49. b4 Rg5 50. Ne3 h5 51. a4 Rb8 52. b5 Rd8 53. a5 Kg7 54. Kf2 Kf7 55. Ke2 Ke6 56. Kd3 Rf8 57. Nd5 Rf1 58. Re2 Ra1 59. b6 Rxa5 60. b7 Ra3+ 61. Ke4 Rb3 62. Nc7+ Kd7 63. Nb5 Rxb5 64. cxb5 Kc7 65. Rc2+ Kxb7 66. Rc6 Rg6 67. Kf5 Rh6 68. Kg5 Re6 69. Kf5 Re8 70. Rxd6 e4 71. Rd2 e3 72. Re2 Kb6 73. Kg5 Kxb5 74. Kxh5 Re4 0-1

[Event "EYCC Girls-U12 2019"]
[Site "Bratislava"]
[Date "2019.08.02"]
[Round "1.14"]
[White "Tran, Alva Ling"]
[Black "Smirnova, Jekaterina"]
[Result "0-1"]
[ECO "C54"]
[WhiteElo "1712"]
[BlackElo "1372"]
[Annotator "NA"]
[PlyCount "118"]
[EventDate "2019.08.02"]
[EventType "swiss"]
[EventCountry "SVK"]
[SourceTitle "playchess.com"]
[Source "ChessBase"]
[SourceQuality "1"]
[TimeControl "40/5400+30:1800+30"]

1. e4 e5 2. Nf3 Nc6 3. Bc4 Bc5 4. c3 Nf6 5. d4 exd4 6. cxd4 Bb4+ 7. Nc3 Nxe4 8. O-O Bxc3 9. d5 Ne5 10. Qe2 Nxf3+ 11. Qxf3 Bf6 12. Re1 O-O 13. Qxe4 d6 14. Bd3 g6 15. Bh6 Bg7 16. Bxg7 Kxg7 17. Bb5 Bd7 18. Bxd7 Qxd7 19. Qe7 Qd8 20. Qxd8 Raxd8 21. Rac1 Rd7 22. Re3 f5 23. f3 Rff7 24. Rb3 b6 25. Kf2 Kf6 26. f4 Rfe7 27. Re3 Kf7 28. b4 Ke8 29. Rcc3 Rxe3 30. Rxe3+ Re7 31. Ra3 Re4 32. Rxa7 Kd7 33. Ra8 Rxb4 34. Rh8 Rxf4+ 35. Kg3 Re4 36. Rxh7+ Re7 37. Rh6 Rg7 38. Kf4 c6 39. dxc6+ Kxc6 40. h4 Ra7 41. Rxg6 Rxa2 42. h5 Rf2+ 43. Kg3 Rf1 44. Rf6 b5 45. h6 Rh1 46. Kf4 Rh5 47. Ke3 Kc5 48. g4 fxg4 49. Kf4 g3 50. Kxg3 b4 51. Kg4 Rh1 52. Rf5+ d5 53. Rh5 Rg1+ 54. Kf5 b3 55. h7 b2 56. h8=Q b1=Q+ 57. Ke6 Qg6+ 58. Kd7 Qf7+ 59. Kd8 Rg8+ 0-1

[Event "EYCC Girls-U12 2019"]
[Site "Bratislava"]
[Date "2019.08.02"]
[Round "1.15"]
[White "Lazniewska, Zofia"]
[Black "Lomakina, Anzhelika"]
[Result "0-1"]
[ECO "C48"]
[WhiteElo "1375"]
[BlackElo "1752"]
[Annotator "NA"]
[PlyCount "118"]
[EventDate "2019.08.02"]
[EventType "swiss"]
[EventCountry "SVK"]
[SourceTitle "playchess.com"]
[Source "ChessBase"]
[SourceQuality "1"]
[TimeControl "40/5400+30:1800+30"]

1. e4 e5 2. Nf3 Nc6 3. Nc3 Nf6 4. Bb5 Nd4 5. Ba4 Bd6 6. d3 Qe7 7. Nxd4 exd4 8. Ne2 Bc5 9. O-O O-O 10. Bg5 h6 11. Bh4 g5 12. Bg3 d5 13. e5 Nh5 14. Qe1 Bg4 15. f3 Bf5 16. Bf2 Qxe5 17. g4 Bd6 18. Ng3 Nxg3 19. Bxg3 Qxe1 20. Raxe1 Bxg3 21. hxg3 Be6 22. Bb3 c5 23. a3 c4 24. Ba2 Rac8 25. Rc1 Rc7 26. Rfd1 Rd8 27. Kf2 b5 28. Bb1 Kg7 29. Ba2 Kf6 30. Bb1 a5 31. Ba2 Ke5 32. Re1+ Kd6 33. Red1 Kc5 34. Bb1 Kb6 35. Ba2 a4 36. Bb1 c3 37. b4 axb3 38. cxb3 Ra8 39. Bc2 Rxa3 40. Rh1 Kc5 41. Rxh6 Kb4 42. Rh5 Ra2 43. Rxg5 Rxc2+ 44. Rxc2 Kxb3 45. Rc1 Kb2 46. Re1 c2 47. Re2 Kb1 48. Rge5 c1=Q 49. Re1 Rc2+ 50. R5e2 Rxe2+ 51. Kxe2 b4 52. Rxc1+ Kxc1 53. Kf1 b3 54. Kg1 b2 55. Kh1 b1=Q 56. f4 Bxg4 57. f5 Qc2 58. f6 Bf3+ 59. Kg1 Qg2# 0-1

[Event "EYCC Girls-U12 2019"]
[Site "Bratislava"]
[Date "2019.08.02"]
[Round "1.16"]
[White "Denic, Hana"]
[Black "Paraschiv, Petronela-Alexandra"]
[Result "1-0"]
[ECO "C17"]
[WhiteElo "1821"]
[BlackElo "1810"]
[Annotator "NA"]
[PlyCount "99"]
[EventDate "2019.08.02"]
[EventType "swiss"]
[EventCountry "SVK"]
[SourceTitle "playchess.com"]
[Source "ChessBase"]
[SourceQuality "1"]
[TimeControl "40/5400+30:1800+30"]

1. e4 e6 2. d4 d5 3. Nc3 Bb4 4. e5 c5 5. Bd2 Nc6 6. Nb5 Bxd2+ 7. Qxd2 cxd4 8. Nd6+ Kf8 9. f4 Nge7 10. Bd3 Qb6 11. b3 Qb4 12. Qxb4 Nxb4 13. Nf3 Nxd3+ 14. cxd3 Ng6 15. Rc1 Bd7 16. g3 Bc6 17. Nxd4 Ne7 18. g4 g6 19. Rf1 Nc8 20. Nxc6 Nxd6 21. exd6 bxc6 22. Rxc6 Kg7 23. Kd2 Rhd8 24. Rfc1 Rd7 25. Ra6 Rad8 26. Rcc6 Kf6 27. d4 h6 28. b4 g5 29. Ke3 gxf4+ 30. Kxf4 e5+ 31. dxe5+ Ke6 32. Rc7 f6 33. exf6 Kxf6 34. Rcxa7 Rxd6 35. Ke3 Ke5 36. Re7+ Kf6 37. Rxd6+ Rxd6 38. Re8 Ra6 39. Kd4 Rxa2 40. Kxd5 Rxh2 41. Re4 h5 42. gxh5 Rxh5+ 43. Kc6 Kf5 44. Re8 Rh6+ 45. Kc5 Rh1 46. b5 Rc1+ 47. Kb6 Rb1 48. Ka6 Ra1+ 49. Kb7 Rb1 50. b6 {[%emt 0:00:18] Ke4} 1-0

[Event "EYCC Girls-U12 2019"]
[Site "Bratislava"]
[Date "2019.08.02"]
[Round "1.17"]
[White "Sichinava, Mariam"]
[Black "Musabayeva, Diana"]
[Result "0-1"]
[ECO "A05"]
[WhiteElo "1389"]
[BlackElo "1679"]
[Annotator "NA"]
[PlyCount "78"]
[EventDate "2019.08.02"]
[EventType "swiss"]
[EventCountry "SVK"]
[SourceTitle "playchess.com"]
[Source "ChessBase"]
[SourceQuality "1"]
[TimeControl "40/5400+30:1800+30"]

1. Nf3 Nf6 2. g3 g6 3. Bg2 Bg7 4. c4 c5 5. O-O O-O 6. d4 cxd4 7. Nxd4 Nc6 8. Nc3 Qc7 9. Ndb5 Qb8 10. Bf4 d6 11. Nxd6 exd6 12. Bxd6 Rd8 13. Bxb8 Rxd1 14. Rfxd1 Rxb8 15. Bxc6 bxc6 16. Rd8+ Bf8 17. b4 Kg7 18. a3 Be7 19. Rdd1 Be6 20. c5 Nd5 21. Rac1 Bf6 22. Nxd5 Bxd5 23. Rd2 a5 24. bxa5 Ra8 25. Rd3 Rxa5 26. f3 Bb2 27. Rb1 Bxa3 28. Kg2 Bxc5 29. Rd2 Be7 30. e4 Ra2 31. Rxa2 Bxa2 32. Rb2 Be6 33. Rc2 c5 34. f4 Bb3 35. Rc3 c4 36. e5 Bb4 37. Rc1 c3 38. Kf2 c2 39. Ke2 Ba3 0-1

[Event "EYCC Girls-U12 2019"]
[Site "Bratislava"]
[Date "2019.08.02"]
[Round "1.18"]
[White "Siekanska, Maria"]
[Black "Havelkova, Beata"]
[Result "1-0"]
[ECO "D35"]
[WhiteElo "1561"]
[BlackElo "1316"]
[Annotator "NA"]
[PlyCount "59"]
[EventDate "2019.08.02"]
[EventType "swiss"]
[EventCountry "SVK"]
[SourceTitle "playchess.com"]
[Source "ChessBase"]
[SourceQuality "1"]
[TimeControl "40/5400+30:1800+30"]

1. d4 d5 2. c4 e6 3. Nc3 Nf6 4. cxd5 exd5 5. Bg5 c6 6. e3 Be7 7. Bd3 Nbd7 8. Nge2 h6 9. Bh4 Nh5 10. Bxe7 Qxe7 11. O-O O-O 12. Rb1 Re8 13. b4 a6 14. a4 Nhf6 15. Ng3 Nf8 16. Qb3 Bg4 17. Rfe1 Be6 18. Qb2 Qd6 19. Rbd1 Rab8 20. Kh1 Bd7 21. f3 Ne6 22. Bb1 Rbd8 23. e4 dxe4 24. fxe4 Qc7 25. Qc2 Nf8 26. e5 Ng4 27. Nge4 h5 28. Nd6 Re7 29. h3 Nh6 30. Nd5 1-0

[Event "EYCC Girls-U12 2019"]
[Site "Bratislava"]
[Date "2019.08.02"]
[Round "1.19"]
[White "Lapushnian, Maya"]
[Black "Putar, Lara"]
[Result "1-0"]
[ECO "B13"]
[WhiteElo "1360"]
[BlackElo "1608"]
[Annotator "NA"]
[PlyCount "161"]
[EventDate "2019.08.02"]
[EventType "swiss"]
[EventCountry "SVK"]
[SourceTitle "playchess.com"]
[Source "ChessBase"]
[SourceQuality "1"]
[TimeControl "40/5400+30:1800+30"]

1. e4 c6 2. d4 d5 3. exd5 cxd5 4. Bd3 Nc6 5. c3 g6 6. Bf4 Bg7 7. Nf3 Nf6 8. O-O O-O 9. Nbd2 Re8 10. Nb3 Qb6 11. Re1 Nh5 12. Be3 Qc7 13. Qd2 Nf6 14. Bf4 Qd8 15. h3 Bd7 16. Bh6 Bh8 17. Qg5 e6 18. Ne5 Nxe5 19. dxe5 Nh5 20. Qxd8 Rexd8 21. g4 Ng7 22. Nd4 Ne8 23. Re3 Nc7 24. Rae1 b5 25. Bg5 Rdc8 26. Be7 a5 27. a3 Rab8 28. Bd6 Rb7 29. Rf3 Ne8 30. Be7 Bg7 31. h4 Bf8 32. Bxf8 Kxf8 33. h5 Kg7 34. hxg6 hxg6 35. Kg2 Rb6 36. Nc2 Bc6 37. Nd4 b4 38. Nxc6 Rcxc6 39. cxb4 axb4 40. a4 Nc7 41. Rh1 Ne8 42. Rfh3 Rc7 43. Rh8 Nf6 44. exf6+ Kxf6 45. R8h3 b3 46. Bb5 Kg5 47. Rxb3 Rcb7 48. Kg3 e5 49. Rd1 d4 50. Re1 f6 51. Re4 Rh7 52. f4+ exf4+ 53. Rxf4 Rh3+ 54. Kxh3 Kxf4 55. Bc4 Rc6 56. Bd3 g5 57. Bf5 Ra6 58. Ra3 Rb6 59. b3 Rb8 60. a5 Kf3 61. b4+ Kf2 62. Ra2+ Kf3 63. Kh2 Rxb4 64. a6 Rb8 65. a7 Rh8+ 66. Kg1 Ra8 67. Be6 Ke4 68. Bc8 Rxc8 69. a8=Q+ Rxa8 70. Rxa8 d3 71. Kf2 d2 72. Ke2 f5 73. gxf5 Kxf5 74. Kxd2 Kg4 75. Ra3 Kh4 76. Ke2 Kg4 77. Kf2 Kh4 78. Kg2 g4 79. Ra4 Kh5 80. Kg3 Kg5 81. Ra5+ 1-0

[Event "EYCC Girls-U12 2019"]
[Site "Bratislava"]
[Date "2019.08.02"]
[Round "1.20"]
[White "Ivanova, Dilyana"]
[Black "Kalamoukou, Giolanta"]
[Result "0-1"]
[ECO "B35"]
[WhiteElo "1734"]
[BlackElo "1288"]
[Annotator "NA"]
[PlyCount "88"]
[EventDate "2019.08.02"]
[EventType "swiss"]
[EventCountry "SVK"]
[SourceTitle "playchess.com"]
[Source "ChessBase"]
[SourceQuality "1"]
[TimeControl "40/5400+30:1800+30"]

1. e4 c5 2. Nf3 Nc6 3. d4 cxd4 4. Nxd4 g6 5. Nc3 Bg7 6. Be3 Nf6 7. Bc4 O-O 8. O-O Nxe4 9. Nxe4 d5 10. Bxd5 Qxd5 11. Nc3 Qd7 12. Nce2 Nxd4 13. Bxd4 Qb5 14. a4 Qb4 15. Bxg7 Kxg7 16. Qd4+ Qxd4 17. Nxd4 e5 18. Nb5 Bf5 19. c3 Rfd8 20. Rfe1 a6 21. Na3 f6 22. Nc4 Be6 23. Nb6 Rab8 24. a5 Rd2 25. b4 Rbd8 26. Kf1 Rc2 27. Rac1 Rdd2 28. Rxc2 Rxc2 29. Re3 Rc1+ 30. Ke2 Rc2+ 31. Ke1 Rc1+ 32. Ke2 Rc2+ 33. Kf3 h5 34. h4 Kh6 35. Kg3 g5 36. Rf3 Kg6 37. hxg5 Kxg5 38. Re3 h4+ 39. Kf3 Bg4+ 40. Ke4 Rxf2 41. g3 h3 42. Re1 h2 43. Ke3 Re2+ 44. Rxe2 Bxe2 {[%emt 0:00:07] Kd4} 0-1